 Dungeon Crawl Stone Soup version 0.26-a0-962-g9b92081034 (webtiles) character file.

Game seed: 15938558731759373731

361 Gargoyl the Skirmisher (level 6, -3/79 HPs)
             Began as a Gnoll Abyssal Knight on Dec 2, 2020.
             Was a Believer of Lugonu.
             Splashed by Ijyb's acid (10 damage)
             ... on level 3 of the Dungeon.
             The game lasted 00:03:42 (2625 turns).

Gargoyl the Skirmisher (Gnoll Abyssal Knight)       Turns: 2625, Time: 00:03:43

Health: -3/79      AC: 19    Str: 16    XL:     6   Next: 66%
Magic:  9/9        EV:  2    Int: 15    God:    Lugonu [**....]
Gold:   189        SH:  0    Dex: 12    Spells: 9/9 levels left

rFire    . . .     SeeInvis .   a - +2 hand axe
rCold    . . .     Faith    +   (no shield)
rNeg     + + +     Spirit   .   (armour currently unavailable)
rPois    +         Reflect  .   (helmet currently unavailable)
rElec    .         Harm     .   (cloak currently unavailable)
rCorr    .         Rampage  .   (gloves currently unavailable)
MR       .....     NoTele   +   (boots currently unavailable)
Stlth    ++........             h - amulet of faith
HPRegen  0.23/turn              (no ring)
MPRegen  0.11/turn              (no ring)

@: brilliant, tree-form, corroded
A: distributed training, clumsy 1, MP-powered wands, strong nose
a: Depart the Abyss, Bend Space, Renounce Religion


You were on level 3 of the Dungeon.
You worshipped Lugonu.
Lugonu was pleased with you.
You were a tree.
You visited 1 branch of the dungeon, and saw 3 of its levels.
You visited the Abyss 1 time.

You collected 189 gold pieces.

Inventory:

Hand Weapons
 a - a +2 hand axe (weapon)
Armour
 c - a +0 chain mail (melded)
 d - a +0 pair of boots (melded)
 f - a +0 cloak (melded)
Jewellery
 h - an amulet of faith (around neck)
Potions
 b - 2 potions of haste
 e - a potion of lignification


   Skills:
 + Level 6.8 Fighting
 + Level 2.0 Short Blades
 + Level 2.0 Long Blades
 + Level 5.0 Axes
 + Level 2.0 Maces & Flails
 + Level 2.0 Polearms
 + Level 2.0 Staves
 + Level 2.0 Slings
 + Level 2.0 Bows
 + Level 2.0 Crossbows
 + Level 2.0 Throwing
 + Level 5.0 Armour
 + Level 3.3 Dodging
 + Level 2.0 Stealth
 + Level 2.0 Shields
 + Level 2.0 Unarmed Combat
 + Level 2.0 Spellcasting
 + Level 1.6 Conjurations
 + Level 1.6 Hexes
 + Level 1.6 Summonings
 + Level 1.6 Necromancy
 + Level 1.6 Translocations
 + Level 1.6 Transmutations
 + Level 1.6 Fire Magic
 + Level 1.6 Ice Magic
 + Level 1.6 Air Magic
 + Level 1.6 Earth Magic
 + Level 1.6 Poison Magic
 + Level 5.1 Invocations
 + Level 2.0 Evocations


You had 9 spell levels left.
You didn't know any spells.
Your spell library contained the following spells:

 Spells                   Type           Power        Failure   Level
 Confusing Touch          Hex            #.......     34%         3
 Gell's Gravitas          Tloc           #.........   34%         3
 Petrify                  Tmut/Erth      #.......     75%         4
 Metabolic Englaciation   Hex/Ice        #.........   97%         5
 Yara's Violent Unravell  Hex/Tmut       #.........   97%         5


Dungeon Overview and Level Annotations

Branches:
Dungeon (3/15)

Altars:

Annotations:
D:3 Ijyb


Innate Abilities, Weirdness & Mutations

Your experience applies equally to all skills.
((You have very sharp teeth.))
Your uncanny sense of smell can sniff out nearby items.
((You have sharp toenails.))
((You are partially covered in icy blue scales. (AC +2)))
You are clumsy. (Dex -2)
You expend magic power (3 MP) to strengthen your wands.


Message History

Really quaff the potion of lignification?
You turn into a tree.
Your +0 cloak melds into your body.
Your +0 pair of boots melds into your body.
Your +0 chain mail melds into your body.
Your roots penetrate the ground.
Ijyb hits you but does no damage.
It was a potion of brilliance.
You feel clever all of a sudden. Ijyb hits you but does no damage.
You hit Ijyb.
Ijyb is severely wounded.
Ijyb hits you but does no damage.
You hit Ijyb but do no damage.
Ijyb is severely wounded.
Ijyb hits you but does no damage.
You hit Ijyb but do no damage.
Ijyb is severely wounded.
Ijyb zaps a wand.
The bolt of acid hits you.
* * * LOW HITPOINT WARNING * * *
You are splashed with acid!
You die...

#.# .#.# #.........# #.#
# #)# #.........#
#.####.#)######.........#
#.#..#.#(#..............#
.#$....(..........######
##.#.#(#......... ∆
#..(.<........
.####.#.#....!. ##
.......♣....### .#
.####..g##### .# #...# .#
∆ #.#.# .# #.... .# #....
.# #.... .# ..... .#


You could see Ijyb.

Vanquished Creatures
  Purgy (D:3)
  A howler monkey (D:2)
  An orc wizard (D:3)
  Jessica (D:2)
  Terence (D:2)
  5 adders
  3 worms
  3 dart slugs
  2 leopard geckos (D:2)
  5 orcs (D:3)
  3 giant cockroaches
  14 goblins
  4 hobgoblins
  10 jackals (D:1)
  2 quokkas (D:2)
  A ball python (D:2)
  10 bats
  2 frilled lizards
  6 kobolds
  6 rats
81 creatures vanquished.

Notes
Turn   | Place    | Note
-------+----------+-------------------------------------------
     0 | Abyss:1  | Gargoyl the Gnoll Abyssal Knight began the quest for the
                  | Orb.
     0 | Abyss:1  | Reached XP level 1. HP: 23/23 MP: 3/3
    35 | Abyss:1  | Gained mutation: You expend magic power (3 MP) to
                  | strengthen your wands. [potion of mutation]
    35 | Abyss:1  | Gained mutation: You are clumsy. (Dex -2) [potion of
                  | mutation]
    35 | Abyss:1  | Gained mutation: You have sharp toenails. [potion of
                  | mutation]
    35 | Abyss:1  | Gained mutation: You are partially covered in icy blue
                  | scales. (AC +2) [potion of mutation]
    81 | Abyss:2  | Noticed a worldbinder
    82 | Abyss:2  | Noticed an orc priest
    94 | Abyss:2  | Noticed an orc priest
    96 | Abyss:2  | Noticed an orc priest
    96 | Abyss:2  | Noticed a warg
    99 | Abyss:2  | Noticed a raiju
   102 | D:1      | Escaped the Abyss
   489 | D:1      | Reached * piety under Lugonu
   492 | D:1      | Reached XP level 2. HP: 29/29 MP: 5/5
   677 | D:1      | Reached XP level 3. HP: 35/35 MP: 6/6
  1078 | D:2      | Noticed Terence
  1088 | D:2      | Killed Terence
  1089 | D:2      | Reached skill level 1 in Short Blades
  1089 | D:2      | Reached skill level 1 in Long Blades
  1089 | D:2      | Reached skill level 1 in Maces & Flails
  1089 | D:2      | Reached skill level 1 in Polearms
  1089 | D:2      | Reached skill level 1 in Staves
  1089 | D:2      | Reached skill level 1 in Slings
  1089 | D:2      | Reached skill level 1 in Bows
  1089 | D:2      | Reached skill level 1 in Crossbows
  1089 | D:2      | Reached skill level 1 in Throwing
  1089 | D:2      | Reached skill level 1 in Stealth
  1089 | D:2      | Reached skill level 1 in Shields
  1089 | D:2      | Reached skill level 1 in Unarmed Combat
  1089 | D:2      | Reached skill level 1 in Spellcasting
  1089 | D:2      | Reached skill level 1 in Evocations
  1089 | D:2      | Reached XP level 4. HP: 36/41 MP: 7/7
  1330 | D:2      | Reached ** piety under Lugonu
  1361 | D:2      | Reached skill level 1 in Conjurations
  1361 | D:2      | Reached skill level 1 in Hexes
  1361 | D:2      | Reached skill level 1 in Summonings
  1361 | D:2      | Reached skill level 1 in Necromancy
  1361 | D:2      | Reached skill level 1 in Translocations
  1361 | D:2      | Reached skill level 1 in Transmutations
  1361 | D:2      | Reached skill level 1 in Fire Magic
  1361 | D:2      | Reached skill level 1 in Ice Magic
  1361 | D:2      | Reached skill level 1 in Air Magic
  1361 | D:2      | Reached skill level 1 in Earth Magic
  1361 | D:2      | Reached skill level 1 in Poison Magic
  1409 | D:2      | Found a faded altar of an unknown god.
  1649 | D:2      | Noticed Jessica
  1659 | D:2      | Killed Jessica
  1660 | D:2      | Reached XP level 5. HP: 44/47 MP: 8/8
  2263 | D:3      | Reached skill level 5 in Invocations
  2263 | D:3      | Reached XP level 6. HP: 40/53 MP: 9/9
  2549 | D:3      | Noticed Purgy
  2583 | D:3      | Killed Purgy
  2584 | D:3      | Reached skill level 5 in Axes
  2584 | D:3      | Reached skill level 5 in Armour
  2607 | D:3      | Noticed Ijyb
  2625 | D:3      | Splashed by Ijyb's acid

Illustrated notes

Levels and vault maps discovered:
D:1:      doesnt_arrival_eight_statues, layout_rooms
D:2:      layout_loops_corners, chequers_ecumenical_altar_simple_redux,
          nrook_campfire, uniq_jessica, uniq_terence
D:3:      layout_basic, uniq_purgy, uniq_ijyb

Skill      XL: |  1  2  3  4  5  6 |
---------------+-------------------+-----
Short Blades   | 1 2 |  2.0
Long Blades    | 1 2 |  2.0
Maces & Flails | 1 2 |  2.0
Polearms       | 1 2 |  2.0
Staves         | 1 2 |  2.0
Slings         | 1 2 |  2.0
Bows           | 1 2 |  2.0
Crossbows      | 1 2 |  2.0
Throwing       | 1 2 |  2.0
Stealth        | 1 2 |  2.0
Shields        | 1 2 |  2.0
Unarmed Combat | 1 2 |  2.0
Spellcasting   | 1 2 |  2.0
Evocations     | 1 2 |  2.0
Conjurations   | 1 |  1.6
Hexes          | 1 |  1.6
Summonings     | 1 |  1.6
Necromancy     | 1 |  1.6
Translocations | 1 |  1.6
Transmutations | 1 |  1.6
Fire Magic     | 1 |  1.6
Ice Magic      | 1 |  1.6
Air Magic      | 1 |  1.6
Earth Magic    | 1 |  1.6
Poison Magic   | 1 |  1.6
Dodging        | 3 |  3.3
Invocations    | 5 |  5.1
Axes           | 5 |  5.0
Armour         | 5 |  5.0
Fighting       | |  6.8

Action                   |  1- 3 |  4- 6 || total
-------------------------+-------+-------++-------
Melee: Hand axe          |    96 |   210 ||   306
       Bite              |     5 |    18 ||    23
       Punch             |       |     1 ||     1
Invok: Depart the Abyss  |     1 |       ||     1
  Use: Potion            |     3 |     2 ||     5
       Scroll            |     3 |     4 ||     7
Armor: Chain mail        |    89 |   145 ||   234
       Skin              |       |     2 ||     2
Dodge: Dodged            |    52 |    83 ||   135

Table legend: (Time is in decaauts)
 A = Elapsed time spent in this place.
 B = Non-inter-level travel time spent in this place.
 C = Inter-level travel time spent in this place.
 D = Time resting spent in this place.
 E = Time spent auto-exploring this place.
 F = Levels seen in this place.
 G = Mean time per level.
                   A        B        C        D        E       F      G
               +--------+--------+--------+--------+--------+-----+--------+
         Total |   2625 |   2580 |     45 |      0 |   1859 |   5 |  525.0 |
       Dungeon |   2541 |   2496 |     45 |      0 |   1806 |   3 |  847.0 |
         Abyss |     83 |     83 |      0 |      0 |     53 |   2 |   41.5 |
               +--------+--------+--------+--------+--------+-----+--------+

Top non-repeatable levels by time:
     D:2: 1113 daAuts
     D:1: 955 daAuts
     D:3: 472 daAuts
 Abyss:2: 47 daAuts
 Abyss:1: 36 daAuts
